Map: Persephone LE

Players

Myst - Winner!

  • Race: Terran Terran
  • League: Silver
  • Spawn Location: 7:00

Sindyr

  • Race: Zerg Zerg
  • League: Master
  • Spawn Location: 11:00

VOD

Have the link to the VOD?

Description

Time

  • Played on: Sept. 17, 2025, 5:30 a.m.
  • Length: 17:18
Show
View Real Time Build Order
Export as new Build Order

Myst Terran - Winner!

Build Orders: 2 Factory 

Get SALT Encoding   

  12  0:02  SCV  
  13  0:14  SCV  
  14  0:23  Supply Depot  
  14  0:26  SCV  
  15  0:44  SCV  
  15  0:46  Barracks  
  16  0:57  SCV  
  17  0:59  Refinery  
  17  1:09  SCV  
  18  1:21  SCV  
  19  1:33  SCV, Engineering Bay  
  20  1:45  Supply Depot  
  20  1:46  Marine  
  21  1:50  Command Center  
  21  1:53  SCV  
  22  2:02  Supply Depot  
  22  2:05  SCV  
  23  2:12  Bunker  
  23  2:14  Marine  
  24  2:20  SCV  
  25  2:28  Refinery  
  25  2:32  SCV  
  26  2:46  SCV  
  26  2:50  Missile Turret  
  27  2:52  Barracks Tech Lab  
  27  2:55  Missile Turret  
  27  2:58  SCV  
  28  3:03  Orbital Command  
  28  3:10  SCV  
  29  3:14  Factory  
  29  3:24  Factory  
  29  3:31  Orbital Command  
  29  3:41  Engineering Bay  
  29  3:42  SCV  
  29  3:48  Supply Depot  
  30  3:51  Reaper  
  30  3:54  SCV  
  32  4:00  Armory  
  32  4:05  Terran Infantry Weapons Level 1  
  32  4:06  SCV  
  35  4:10  Widow Mine  
  35  4:13  Hellion  
  37  4:18  SCV  
  37  4:19  SCV  
  39  4:24  Refinery  
  39  4:30  SCV  
  39  4:31  SCV  
  41  4:39  Widow Mine x2  
  41  4:43  Marauder  
  47  4:50  Starport  
  47  4:51  Starport  
  47  4:52  SCV x2  
  49  4:58  Refinery  
  49  5:04  SCV x2  
  50  5:12  Hellion x2  
  54  5:35  Hellion x2  
  48  6:05  Factory Tech Lab  
  48  6:06  Factory Tech Lab  
  48  6:08  SCV x2  
  50  6:14  Factory  
  50  6:16  Liberator  
  50  6:17  Liberator  
  50  6:18  Factory  
  56  6:20  SCV, Factory x2  
  56  6:21  Supply Depot  
  56  6:24  Supply Depot  
  57  6:25  Command Center  
  57  6:26  Supply Depot  
  57  6:32  Neosteel Armor  
  57  6:33  Terran Infantry Armor Level 1  
  57  6:36  SCV x2  
  59  6:48  SCV x2  
  61  7:00  SCV x2  
  63  7:02  Command Center  
  63  7:03  Factory Tech Lab x3  
  63  7:04  Factory Tech Lab  
  63  7:15  Cyclone  
  66  7:16  Hellbat  
  68  7:37  Hellbat  
  73  7:51  Hellbat x3  
  73  8:00  Hellbat x3  
  73  8:03  Medivac x2  
  73  8:05  Marauder  
  89  8:12  Hellbat  
  89  8:13  Hellbat  
  89  8:26  Command Center, Marauder  
  91  8:27  Command Center  
  91  8:33  Medivac  
  90  8:38  Planetary Fortress  
  90  8:39  SCV x3  
  93  8:42  Refinery  
  93  8:45  Hellbat x3, Terran Infantry Armor Level 2  
  93  8:46  Refinery, Terran Infantry Weapons Level 2  
  93  8:47  Marauder  
  93  8:48  Terran Vehicle And Ship Armor Level 1  
  101  8:51  Cyclone, SCV x3  
  107  9:00  Viking  
  109  9:03  Viking  
  109  9:09  Marauder, Planetary Fortress  
  113  9:14  Cyclone, Refinery  
  116  9:21  Supply Depot  
  116  9:22  Supply Depot  
  116  9:24  Supply Depot  
  116  9:25  Supply Depot  
  116  9:27  Supply Depot  
  116  9:38  SCV x3, Marauder  
  121  9:49  Hellbat  
  121  9:50  Hellbat x4  
  131  9:54  SCV x2  
  131  9:55  SCV x3  
  136  10:00  Refinery  
  136  10:02  Medivac x2  
  138  10:15  Infernal Pre-Igniter, Mag-Field Accelerator  
  120  10:42  Terran Vehicle Weapons Level 1  
  116  10:49  Cyclone  
  122  10:50  Cyclone x4, Liberator  
  122  10:52  Viking  
  132  11:02  Hi-Sec Auto Tracking  
  125  11:22  Viking  
  111  11:33  Viking, Marine  
  111  11:35  Cyclone x2  
  111  11:36  Cyclone x2  
  108  11:51  Marine  
  108  11:52  Viking  
  105  11:55  Starport  
  105  11:57  Missile Turret x2  
  105  11:59  Missile Turret, Starport  
  105  12:01  Missile Turret  
  105  12:03  Viking  
  107  12:09  Marine  
  99  12:18  Missile Turret  
  99  12:20  Hellbat x6  
  100  12:27  Marine  
  101  12:32  Viking  
  101  12:33  Viking  
  101  12:36  Viking x2  
  109  12:41  Thor x3  
  127  12:45  Marine  
  127  12:49  Missile Turret  
  127  12:50  Missile Turret, Orbital Command  
  128  12:52  Orbital Command  
  127  13:02  Marine  
  106  13:11  Viking x4, Missile Turret  
  114  13:14  Missile Turret  
  114  13:33  Thor x2  
  118  13:35  Missile Turret  
  118  13:41  Viking x4  
  122  13:45  Hellbat x2  
  122  13:46  Hellbat x2  
  134  13:52  SCV x5  
  139  14:01  Starport  
  139  14:07  Hellbat  
  141  14:11  Missile Turret  
  141  14:13  Missile Turret  
  141  14:15  Missile Turret  
  141  14:16  Missile Turret  
  145  14:24  Hellbat x3  
  145  14:26  Starport Reactor x4  
  145  14:30  Terran Infantry Weapons Level 3, Terran Infantry Armor Level 3  
  147  14:32  Terran Ship Weapons Level 1  
  147  14:39  Missile Turret x2  
  147  14:45  Marine  
  148  14:48  Cyclone x3, Refinery  
  157  14:53  Refinery, SCV x5  
  162  15:03  Marine, Viking x2  
  169  15:17  Orbital Command  
  169  15:20  Marine  
  168  15:36  Starport Reactor  
  168  15:38  Marine  
  169  15:43  SCV x3  
  172  15:50  Thor  
  172  15:51  Thor  
  172  15:55  SCV x2  
  186  16:08  Supply Depot, Marine  
  186  16:09  SCV  
  186  16:29  Thor  
  186  16:30  SCV x2  
  186  16:31  Supply Depot  
  200  16:55  Supply Depot  
Show
View Real Time Build Order
Export as new Build Order

Sindyr Zerg 

Build Orders: Hatch First 

Get SALT Encoding   

  12  0:01  Drone  
  13  0:14  Drone  
  14  0:19  Overlord  
  14  0:37  Drone x2  
  14  0:38  Drone  
  17  0:51  Hatchery  
  17  0:56  Drone  
  17  1:00  Drone  
  17  1:03  Extractor  
  17  1:17  Spawning Pool  
  16  1:19  Drone  
  16  1:22  Drone  
  18  1:31  Drone  
  19  1:42  Overlord  
  19  1:53  Drone  
  20  2:04  Queen x2  
  24  2:09  Zergling x4  
  26  2:16  Drone x2  
  26  2:19  Metabolic Boost  
  28  2:38  Drone x4  
  32  3:01  Drone x3  
  32  3:02  Overlord  
  32  3:03  Hatchery  
  34  3:14  Drone x2  
  36  3:20  Queen  
  36  3:24  Drone  
  36  3:25  Drone x3  
  36  3:26  Drone  
  43  3:28  Drone  
  44  3:34  Overlord  
  44  3:36  Overlord  
  44  3:55  Extractor  
  44  3:59  Baneling Nest  
  42  4:07  Drone x7  
  42  4:08  Drone  
  50  4:24  Zergling x4  
  50  4:25  Zergling x2  
  53  4:36  Spine Crawler  
  53  4:38  Drone x9  
  58  4:44  Lair  
  61  4:50  Evolution Chamber x2  
  59  4:55  Extractor  
  59  4:56  Queen  
  59  4:57  Queen  
  62  5:02  Spore Crawler  
  61  5:08  Overlord x3  
  61  5:16  Zergling x10  
  66  5:21  Zerg Melee Weapons Level 1, Zerg Ground Armor Level 1  
  66  5:26  Overlord  
  66  5:27  Overlord  
  66  5:55  Zergling x2  
  66  5:56  Zergling x14  
  66  5:57  Zergling x8  
  75  6:12  Spire  
  75  6:15  Drone, Infestation Pit  
  75  6:17  Drone  
  75  6:18  Drone x2  
  77  6:33  Overseer  
  77  6:39  Extractor  
  76  6:40  Overlord  
  76  6:42  Overseer  
  76  6:43  Drone x2  
  76  6:44  Drone x2  
  80  6:49  Baneling x3  
  80  6:50  Baneling x5  
  80  6:51  Baneling  
  80  6:53  Centrifugal Hooks  
  80  7:01  Drone x3  
  83  7:09  Spine Crawler  
  83  7:10  Spine Crawler  
  83  7:11  Spine Crawler x2  
  83  7:14  Hive  
  74  7:58  Spore Crawler x3  
  73  7:59  Spore Crawler  
  73  8:03  Spore Crawler, Nydus Network  
  63  8:06  Spore Crawler  
  62  8:19  Drone x14  
  78  8:20  Drone x14  
  78  8:21  Drone  
  91  8:32  Spore Crawler  
  90  9:02  Spore Crawler  
  90  9:05  Extractor  
  90  9:07  Extractor, Spore Crawler  
  86  9:11  Spore Crawler  
  86  9:12  Spore Crawler  
  84  9:35  Zerg Melee Weapons Level 2, Zerg Ground Armor Level 2  
  84  9:38  Greater Spire  
  84  9:44  Overlord x3  
  84  9:45  Overlord  
  84  9:48  Drone x9  
  84  9:49  Drone x4  
  97  10:01  Hatchery  
  92  10:16  Hatchery  
  92  10:18  Corruptor  
  92  10:19  Corruptor x5  
  92  10:21  Corruptor x2  
  103  10:22  Corruptor  
  103  10:23  Corruptor  
  103  10:24  Corruptor  
  103  10:25  Overseer  
  103  10:26  Overseer  
  113  10:29  Zergling x2, Mutalisk  
  113  10:30  Mutalisk x5, Zergling x2  
  113  10:31  Zergling x8  
  91  10:58  Brood Lord x2  
  91  11:03  Brood Lord  
  94  11:17  Brood Lord  
  80  11:29  Zergling x2  
  80  11:30  Zergling x24  
  80  11:31  Queen  
  80  11:32  Queen  
  84  11:39  Drone x3  
  84  11:47  Zerg Flyer Armor Level 1  
  84  12:07  Queen  
  84  12:19  Overlord x2  
  82  12:27  Overlord, Hatchery  
  81  12:33  Hatchery  
  76  13:02  Zergling x8  
  76  13:03  Zergling x10  
  74  13:13  Pneumatized Carapace  
  74  13:20  Drone x3  
  73  13:42  Drone x7  
  73  13:48  Drone x2  
  82  14:07  Drone x7  
  89  14:46  Spine Crawler  
  89  14:48  Adrenal Glands  
  89  14:49  Extractor, Spine Crawler  
  89  14:51  Zerg Flyer Armor Level 2, Spine Crawler x2  
  84  14:53  Extractor  
  83  15:10  Drone  
  83  15:11  Drone x2  
  83  15:13  Drone x3  
  89  15:14  Drone  
  89  15:15  Drone x6  
  89  15:16  Drone  
  97  15:25  Extractor  
  97  15:26  Extractor  
  95  15:39  Drone  
  95  15:40  Drone  
  97  16:06  Drone x3  
  100  16:21  Queen  
  102  16:36  Hatchery  
  101  16:40  Spore Crawler x2  
  101  16:41  Corruptor, Spore Crawler  
  101  16:42  Corruptor x2  
  101  16:45  Spine Crawler x2  
  101  16:46  Spine Crawler  
  91  16:47  Spine Crawler  
Tags
 
Add a new tag
Caveats
  • Supply blocks, unpowered buildings, or Contaminate may cause inaccurate times.
  • Supply counts are checked every 10 seconds.